AoeStats
← certaingoosetragedy

Arabia

508769058Analyzed
1v1 RM · 10d ago on Sep 24, 2026· 52m 24s· 2 players
Game mode
Random Map
Map size
Tiny (2 player)
Population
200
Speed
Normal
Resources
Standard
Victory
Conquest
Starting age
Dark Age
Ending age
Imperial Age
RankedLock teamsTeams togetherTeam positionsShared explorationLock speedFull tech treeHidden civsTurbo modeCheats
Victory
Defeat
🇺🇸 Franks · United States
784
+39
🇺🇸 Magyars · United States
799
-17
certaingoosetragedy
10:52 Feudal Age
12:13 Double-Bit Axe
22:20 Castle Age
20:56 Wheelbarrow
27:07 Scale Barding Armor
27:12 Forging
32:29 Iron Casting
33:33 Pikeman
38:21 Chain Barding Armor
37:48 Light Cavalry
38:30 Husbandry
44:11 Fletching
45:25 Elite Skirmisher
47:01 Bow Saw
46:44 Gold Mining
Rimbo
9:32 Feudal Age
10:29 Double-Bit Axe
14:03 Loom
19:23 Castle Age
18:26 Fletching
18:36 Padded Archer Armor
18:24 Horse Collar
21:01 Husbandry
21:05 Gold Mining
21:14 Stone Mining
22:14 Bow Saw
22:52 Heavy Plow
24:26 Wheelbarrow
25:17 Bloodlines
28:31 Thumb Ring
31:29 Bodkin Arrow
36:11 Leather Archer Armor
41:18 Imperial Age
39:36 Scale Barding Armor
40:51 Chain Barding Armor
41:12 Corvinian Army
42:25 Conscription
42:48 Gold Shaft Mining
45:49 Elite Skirmisher
47:44 Hand Cart
51:56 Bracer
Connection lost

Rejoining the realm…

Still unreachable

The connection could not be restored.

Session expired

The server has moved on; the page needs a fresh start.